 Dungeon Crawl Stone Soup version 0.31-a0-664-g902f515a81 (webtiles) character file.

Game seed: 13328745612407689214

133 Revguard the Shield-Bearer (level 4, -2/35 HPs)
             Began as a Demonspawn Fighter on Sept 2, 2023.
             Killed by divine providence
             ... invoked by an orc priest
              (17 damage)
             ... on level 3 of the Dungeon.
             The game lasted 00:02:58 (1747 turns).

Revguard the Shield-Bearer (Demonspawn Fighter)     Turns: 1747, Time: 00:02:59

Health: -2/35      AC:  8    Str: 19    XL:     4   Next: 93%
Magic:  5/5        EV:  9    Int:  9    God:
Gold:   116        SH:  4    Dex: 12    Spells: 3/3 levels left

rFire   . . .        a - +0 war axe
rCold   . . .        c - +0 buckler
rNeg    . . .        b - +0 scale mail
rPois   .            m - +2 hat
rElec   .            (no cloak)
rCorr   +            (no gloves)
SInv    +            (no boots)
Will    .....        n - amulet of the acrobat Stlth
                     g - ring of see invisible
HPRegen 0.25/turn    k - ring of resist corrosion
MPRegen 0.09/turn

%: acrobat
@: no status effects
A: foul stench 1, demonic magic 1
a: no special abilities


You were on level 3 of the Dungeon.
You visited 1 branch of the dungeon, and saw 3 of its levels.

You collected 116 gold pieces.

Inventory:

Hand Weapons
 a - a +0 war axe (weapon)
Armour
 b - a +0 scale mail (worn)
 c - a +0 buckler (worn)
 m - a +2 hat (worn)
Jewellery
 g - a ring of see invisible (left hand)
 k - a ring of resist corrosion (right hand)
 n - an amulet of the acrobat (around neck)
Wands
 p - a wand of mindburst (15)
Scrolls
 i - a scroll of revelation
 l - a scroll of teleportation
 o - a scroll of identify
 r - a scroll of vulnerability {unknown}
Potions
 d - 2 potions of might
 e - a potion of haste
 f - a potion of curing {unknown}
 h - a potion of attraction
 j - a potion of cancellation
 q - a potion of mutation {unknown}


   Skills:
 + Level 3.3 Fighting
 * Level 2.7 Axes
 + Level 3.1 Armour
 + Level 1.1 Dodging
 * Level 3.4 Shields
 + Level 1.4 Invocations
 + Level 1.1 Evocations


You had 3 spell levels left.
You didn't know any spells.
Your spell library was empty.

Dungeon Overview and Level Annotations

Branches:
Dungeon (3/15)

Altars:
Uskayaw
Xom


Innate Abilities, Weirdness & Mutations

You may rarely emit foul miasma when damaged in melee.
Spells you cast may paralyse adjacent enemies.


Message History

You closely miss the orc priest.
The orc priest hits you with a +0 flail.
You slash the orc priest!
The orc priest is heavily wounded.
The orc priest calls down the wrath of Beogh upon you.
Pain shoots through your body! You block the orc priest's attack.
You closely miss the orc priest.
The orc priest is heavily wounded.
You block the orc priest's attack.
You closely miss the orc priest.
The orc priest is heavily wounded.
The orc priest invokes the aid of Beogh against you.
Pain shoots through your body!
You are too injured to fight recklessly!
You are too injured to fight recklessly!
You are too injured to fight recklessly!
You are too injured to fight recklessly!
You are too injured to fight recklessly!
You are too injured to fight recklessly!
You are too injured to fight recklessly!
You are too injured to fight recklessly!
You are too injured to fight recklessly!
You are too injured to fight recklessly!
You are too injured to fight recklessly!
You are too injured to fight recklessly!
You are too injured to fight recklessly!
You are too injured to fight recklessly!
You are too injured to fight recklessly!
You are too injured to fight recklessly!
You are too injured to fight recklessly!
You are too injured to fight recklessly!
You are too injured to fight recklessly!
You are too injured to fight recklessly!
You are too injured to fight recklessly!
You are too injured to fight recklessly!
You hit the orc priest.
The orc priest is almost dead.
The orc priest calls down the wrath of Beogh upon you.
Beogh smites you!
You die...

###.##.##.####
#.........†..#
##.#.##.##.##.####
#.(#########).....
#.## #........ #.#
#........ #.#
#.<.<.... #.#
#........ #@#
#........ #o#
#####.... #.#
#.### ... #†# #
... ### ..... ...
..... ._. #......
..... ##+##


You could see an orc priest.

Vanquished Creatures
  Jessica (D:2)
  5 adders
  A worm (D:2)
  2 dart slugs
  3 orcs (D:3)
  3 bats
  6 endoplasms
  A giant cockroach (D:3)
  8 goblins
  4 hobgoblins
  2 jackals (D:1)
  2 quokkas
  3 ball pythons
  2 frilled lizards
  2 kobolds (D:1)
  5 rats
50 creatures vanquished.

Notes
Turn   | Place    | Note
-------+----------+-------------------------------------------
     0 | D:1      | Revguard the Demonspawn Fighter began the quest for the
                  | Orb.
     0 | D:1      | Reached XP level 1. HP: 18/18 MP: 1/1
   127 | D:1      | Gained mutation: Spells you cast may paralyse adjacent
                  | enemies. [demonic ancestry]
   127 | D:1      | Reached XP level 2. HP: 18/24 MP: 2/2
   534 | D:2      | Noticed Jessica
   542 | D:2      | Killed Jessica
   543 | D:2      | Reached skill level 1 in Invocations
   543 | D:2      | Gained mutation: You may rarely emit foul miasma when
                  | damaged in melee. [demonic ancestry]
   543 | D:2      | Reached XP level 3. HP: 14/29 MP: 3/3
   759 | D:2      | Reached XP level 4. HP: 35/35 MP: 4/4
   973 | D:2      | Reached skill level 1 in Evocations
  1198 | D:2      | Reached skill level 1 in Dodging
  1500 | D:3      | Found a faded altar of an unknown god.
  1602 | D:3      | Found a hide-covered altar of Uskayaw.
  1694 | D:3      | Found a shimmering altar of Xom.
  1747 | D:3      | Killed from afar by an orc priest

Illustrated notes

Levels and vault maps discovered:
D:1:      scummos_arrival_simple_crosswalls, layout_rooms
D:2:      layout_basic, uniq_jessica
D:3:      layout_rooms, dk_xom_monty_hall, mainiacjoe_overflow_six_doors_small,
          mainiacjoe_overflow_brackets, hellmonk_ecumenical_altar_heavens_door,
          amcnicky_mini_corridor_feature

Skill      XL: |  1  2  3  4 |
---------------+-------------+-----
Axes           | 2 |  2.7
Shields        | 3 |  3.4
Invocations    | 1 |  1.4
Armour         | 3 |  3.1
Evocations     | 1 |  1.1
Dodging        | 1 |  1.1
Fighting       | |  3.3

Action                     |  1- 3 |  4- 6 || total
---------------------------+-------+-------++-------
  Melee: War axe           |    62 |    71 ||   133
    Use: Scroll            |       |     5 ||     5
 Armour: Scale mail        |    43 |    48 ||    91
  Dodge: Dodged            |    25 |    36 ||    61
  Block: Buckler           |     9 |    18 ||    27

Table legend: (Time is in decaauts)
 A = Elapsed time spent in this place.
 B = Non-inter-level travel time spent in this place.
 C = Inter-level travel time spent in this place.
 D = Time resting spent in this place.
 E = Time spent auto-exploring this place.
 F = Levels seen in this place.
 G = Mean time per level.
                   A        B        C        D        E       F      G
               +--------+--------+--------+--------+--------+-----+--------+
         Total |   1801 |   1775 |     26 |      0 |   1295 |   3 |  600.3 |
       Dungeon |   1801 |   1775 |     26 |      0 |   1295 |   3 |  600.3 |
               +--------+--------+--------+--------+--------+-----+--------+

Top non-repeatable levels by time:
     D:2: 1033 daAuts
     D:1: 454 daAuts
     D:3: 314 daAuts
